 Dungeon Crawl Stone Soup version 0.29-a0-925-g0a7a3d12f8 (webtiles) character file.

Game seed: 5266047745640809321

1410 manyhoops the Ruffian (level 8, -10/61 HPs)
             Began as a Demigod Transmuter on July 28, 2022.
             Mangled by a wyvern (12 damage)
             ... on level 6 of the Dungeon.
             The game lasted 00:09:12 (7252 turns).

manyhoops the Ruffian (Demigod Transmuter)          Turns: 7252, Time: 00:09:12

Health: -10/61     AC:  8    Str: 19    XL:     8   Next: 19%
Magic:  11/13      EV: 11    Int: 15    God:
Gold:   171        SH:  0    Dex: 14    Spells: 5/10 levels left

rFire   . . .      SeeInvis .     - Unarmed
rCold   . . .      Faith    .   (no shield)
rNeg    + . .      Spirit   .   C - +2 ring mail {rN+}
rPois   .          Reflect  .   (helmet currently unavailable)
rElec   .          Harm     .   (no cloak)
rCorr   .          Rampage  .   a - +0 pair of gloves
Will    .....                   (boots currently unavailable)
Stlth   +.........              i - amulet of regeneration
HPRegen 1.00/turn               (no ring)
MPRegen 0.13/turn               (no ring)

@: mighty, about to teleport, appendages (expiring), wereblooded, flying
A: horns 2, talons 2, high MP 1, forlorn, divine attributes
a: End Transformation


You were on level 6 of the Dungeon.
You had temporarily grown beastly horns and talons.
You visited 1 branch of the dungeon, and saw 6 of its levels.

You collected 296 gold pieces.
You spent 125 gold pieces at shops.

Inventory:

Missiles
 d - 2 throwing nets
Armour
 a - a +0 pair of gloves (worn)
 p - a +0 helmet (melded)
 x - a +0 pair of boots (melded)
 C - a +2 ring mail of positive energy (worn)
Jewellery
 f - an amulet of the acrobat
 i - an amulet of regeneration (around neck)
 r - the ring of Atheism {Ice Fly Will+ MP+9}
   (You bought it in a shop on level 3 of the Dungeon)

   [ring of ice]

   It enhances your ice magic.
   rF:        It makes you vulnerable to fire.
   rC:        It protects you from cold.
   MP:        It affects your magic capacity (+9).
   Fly:       It grants you flight.
   Will:      It increases your willpower.
Wands
 y - a wand of flame (14)
Scrolls
 c - a scroll of magic mapping
 e - 2 scrolls of noise
 h - a scroll of teleportation
 l - a scroll of butterflies {unknown}
 m - a scroll of enchant armour {unknown}
 o - a scroll of enchant weapon
 q - 2 scrolls of poison
 s - a scroll of brand weapon {unknown}
 t - a scroll of fear {unknown}
 B - a scroll of amnesia {unknown}
Potions
 b - a potion of heal wounds {unknown}
 g - a potion of mutation {unknown}
 j - 2 potions of might
 n - a potion of lignification
 u - a potion of haste {unknown}
 v - a potion of berserk rage
 w - a potion of brilliance {unknown}
 A - a potion of invisibility {unknown}


   Skills:
 - Level 1.8 Fighting
 - Level 1.7 Dodging
 - Level 6.2 Unarmed Combat
 - Level 1.7 Spellcasting
 + Level 5.5 Translocations
 - Level 5.0 Transmutations


You had 5 spell levels left.
You knew the following spells:

 Your Spells              Type           Power      Damage    Failure   Level
a - Beastly Appendage     Tmut           32%        N/A       4%          1
b - Wereblood             Tmut           16%        N/A       8%          2
c - Blink                 Tloc           36%        N/A       6%          2

Your spell library contained the following spells:

 Spells                   Type           Power      Damage    Failure   Level
 Foxfire                  Conj/Fire      4%         2x1d4     36%         1
 Magic Dart               Conj           4%         1d3       36%         1
 Spider Form              Tmut/Pois      8%         N/A       38%         3
 Searing Ray              Conj           2%         2d4       52%         2
 Manifold Assault         Tloc           18%        N/A       73%         5
 Conjure Flame            Conj/Fire      1%         6-21      75%         3
 Inner Flame              Hex/Fire       1%         N/A       75%         3
 Ice Form                 Ice/Tmut       8%         N/A       80%         4
 Flame Wave               Conj/Fire      1%         2d4       98%         4
 Fulminant Prism          Conj/Hex       0%         3d6       98%         4
 Storm Form               Tmut/Air       4%         N/A       100%        7


Dungeon Overview and Level Annotations

Branches:
Dungeon (6/15)             Temple (0/1) D:4

Shops:
D:3 *


Innate Abilities, Weirdness & Mutations

You have temporarily grown beastly horns and talons.
You have an increased reservoir of magic. (+10% MP)
You shall have no god before yourself.
Your divine heritage dramatically boosts your attributes as you level up.


Message History

The adder hisses angrily.
You punch the wyvern! You claw the wyvern, but do no damage.
You headbutt the wyvern.
The wyvern is moderately wounded.
The wyvern bites you! The wyvern barely misses you.
You hit the wyvern. You claw the wyvern, but do no damage.
The wyvern is heavily wounded.
The wyvern barely misses you.
You punch the wyvern!
The wyvern is almost dead.
The wyvern barely misses you. The water moccasin bites you.
You barely miss the wyvern.
The wyvern is almost dead.
The wyvern bites you!
The water moccasin bites you but does no damage.
The wyvern bites you.
You are too injured to fight recklessly!
You are too injured to fight recklessly!
Your transformation is almost over.
The wyvern barely misses you.
You hit the wyvern.
The wyvern is almost dead.
The wyvern bites you.
You completely miss the wyvern. Your kick misses the wyvern.
The wyvern is almost dead.
The wyvern bites you!
* * * LOW HITPOINT WARNING * * *
Unknown command.
You feel very buoyant.
You fly up into the air.
The wyvern bites you!
* * * LOW HITPOINT WARNING * * *
The wyvern barely misses you.
There are monsters nearby!
As you read the scroll of teleportation, it crumbles to dust.
You feel strangely unstable. The wyvern bites you.
* * * LOW HITPOINT WARNING * * *
It was a potion of might.
You feel very mighty all of a sudden. The wyvern bites you!
You die...

#................# #
#................# #
#................# # #####
####....##.......### #....#
#.....#.......... ..?..#
#.....##.†....###
#$$#..#####......#......#
#$..'So##....#.#......#
#$..'gSl@....#.#......###
#$$#..#####....#........##.
o.....######....##.......##.
#....# #.......###.......##.
#### #.......# #..####.##.
#...[...# ##.####.##.
#.......# #..#......
#.......# ##.#......
#.......# #.#......


You could see a water moccasin, a wyvern, a gnoll, an adder and an orc.

Vanquished Creatures
  2 sky beasts (D:6)
  An ice beast (D:6)
  A black bear (D:6)
  An ogre (D:5)
  A centaur (D:5)
  A necrophage (D:5)
  A kobold brigand (D:5)
  2 scorpions
  4 jellies
  An orc priest (D:5)
  4 hounds
  A gnoll bouda (D:5)
  Jessica (D:2)
  An iguana (D:5)
  2 orc wizards (D:5)
  3 gnolls
  7 adders
  A white imp (D:6)
  An ufetubus (D:5)
  A worm (D:2)
  3 dart slugs
  11 orcs
  6 bats
  6 endoplasms
  2 giant cockroaches
  11 goblins
  9 hobgoblins
  12 jackals (D:2)
  2 quokkas
  7 ball pythons
  12 kobolds
  4 rats
122 creatures vanquished.

Vanquished Creatures (others)
  A hobgoblin (D:4)
  A plant (D:5)
2 creatures vanquished.

Grand Total: 124 creatures vanquished

Notes
Turn   | Place    | Note
-------+----------+-------------------------------------------
     0 | D:1      | manyhoops the Demigod Transmuter began the quest for the
                  | Orb.
     0 | D:1      | Reached XP level 1. HP: 15/15 MP: 5/5
    52 | D:1      | Reached skill level 3 in Unarmed Combat
   369 | D:1      | Reached XP level 2. HP: 22/22 MP: 5/7
  1354 | D:2      | Reached XP level 3. HP: 26/27 MP: 6/8
  1589 | D:2      | Reached skill level 4 in Unarmed Combat
  1596 | D:2      | Reached skill level 1 in Fighting
  1769 | D:2      | Noticed Jessica
  1775 | D:2      | Killed Jessica
  2002 | D:2      | Reached XP level 4. HP: 34/35 MP: 9/9
  2581 | D:3      | Found Ylamoisch's Assorted Antiques.
  2897 | D:3      | Bought a faintly glowing iron ring for 125 gold pieces
  2897 | D:3      | Identified the ring of Atheism {Ice Fly Will+ MP+9} (You
                  | bought it in a shop on level 3 of the Dungeon)
  3237 | D:3      | Reached skill level 5 in Unarmed Combat
  3237 | D:3      | Reached XP level 5. HP: 24/40 MP: 10/10
  3563 | D:2      | Learned a level 2 spell: Wereblood
  4198 | D:4      | Reached skill level 6 in Unarmed Combat
  4315 | D:4      | Reached XP level 6. HP: 19/48 MP: 9/11
  5085 | D:4      | Found a staircase to the Ecumenical Temple.
  5136 | D:4      | Learned a level 2 spell: Blink
  5137 | D:5      | Entered Level 5 of the Dungeon
  5585 | D:5      | HP: 3/72 [centaur (2)]
  5890 | D:5      | Reached XP level 7. HP: 31/53 MP: 10/12
  6213 | D:5      | Reached skill level 5 in Transmutations
  6259 | D:5      | Reached skill level 1 in Translocations
  6793 | D:6      | Reached XP level 8. HP: 15/61 MP: 10/13
  7036 | D:6      | Reached skill level 5 in Translocations
  7251 | D:6      | HP: 1/61 [wyvern (6)]
  7252 | D:6      | Mangled by a wyvern

Illustrated notes

Levels and vault maps discovered:
D:1:      mrwooster_arrival_statue, layout_basic,
          shapermc_ecumenical_altar_petra
D:2:      layout_basic, basic_altar, serial_bayou_pond_e, minmay_pentomino_p2,
          uniq_jessica
D:3:      layout_loops_ring, mainiacjoe_overflow_swirl, serial_shops,
          nicolae_shop_trees, grunt_ministairs_1
D:4:      layout_rooms, vehumet_altar_wand_db,
          nicolae_ru_great_annihilating_truth, lemuel_temple_firewalk_b
D:5:      layout_rooms, fedhas_altar_1, mainiacjoe_overflow_small_starburst,
          water_maze_lemuel
D:6:      minmay_polygon_palace, layout_basic

Skill      XL: |  1  2  3  4  5  6  7  8 |
---------------+-------------------------+-----
Unarmed Combat | 3 4 5 6 |  6.2
Fighting       | 1 |  1.8
Transmutations | 4 5 |  5.0
Translocations | 4 5 |  5.5
Dodging        | |  1.7
Spellcasting   | |  1.7

Action                   |  1- 3 |  4- 6 |  7- 9 || total
-------------------------+-------+-------+-------++-------
Melee: Unarmed           |   136 |   208 |    86 ||   430
       Kick              |     8 |    11 |    27 ||    46
       Headbutt          |     4 |    14 |    14 ||    32
       Punch             |     3 |     9 |     4 ||    16
 Cast: Beastly Appendage |    17 |    12 |    11 ||    40
       Wereblood         |       |     1 |     4 ||     5
  Use: Potion            |     1 |     5 |     3 ||     9
       Scroll            |       |     3 |     3 ||     6
 Stab: Paralysed         |       |     1 |       ||     1
Armor: Robe              |     7 |       |       ||     7
       Ring mail         |    70 |    64 |    40 ||   174
       Skin              |     4 |    18 |       ||    22
Dodge: Dodged            |   107 |   125 |    38 ||   270

Table legend: (Time is in decaauts)
 A = Elapsed time spent in this place.
 B = Non-inter-level travel time spent in this place.
 C = Inter-level travel time spent in this place.
 D = Time resting spent in this place.
 E = Time spent auto-exploring this place.
 F = Levels seen in this place.
 G = Mean time per level.
                   A        B        C        D        E       F      G
               +--------+--------+--------+--------+--------+-----+--------+
         Total |   7224 |   6973 |    251 |   1616 |   4179 |   6 | 1204.0 |
       Dungeon |   7224 |   6973 |    251 |   1616 |   4179 |   6 | 1204.0 |
               +--------+--------+--------+--------+--------+-----+--------+

Top non-repeatable levels by time:
     D:2: 1853 daAuts
     D:4: 1238 daAuts
     D:5: 1192 daAuts
     D:1: 1170 daAuts
     D:3: 1060 daAuts
     D:6: 709 daAuts
